 Dungeon Crawl Stone Soup version 0.30-a0-578-gdee14c521f (webtiles) character file.

Game seed: 4719794253015443419

85 Armakuni the Shield-Bearer (level 4, -4/35 HPs)
             Began as a Human Fighter on Dec 31, 2022.
             Killed by divine providence
             ... invoked by an orc priest
              (16 damage)
             ... on level 2 of the Dungeon.
             The game lasted 00:04:41 (1931 turns).

Armakuni the Shield-Bearer (Human Fighter)          Turns: 1931, Time: 00:04:42

Health: -4/35      AC:  7    Str: 18    XL:     4   Next: 75%
Magic:  4/4        EV: 10    Int:  9    God:
Gold:   109        SH:  4    Dex: 12    Spells: 3/3 levels left

rFire   . . .      SeeInvis .    b - +2 dagger (venom)
rCold   . . .      Faith    .    c - +0 buckler
rNeg    . . .      Spirit   .    j - +0 scale mail
rPois   .          Reflect  .    (no helmet)
rElec   .          Harm     .    (no cloak)
rCorr   .          Rampage  .    (no gloves)
Will    .....                    g - +0 pair of boots Stlth
                                 (no amulet)
HPRegen 0.25/turn                (no ring)
MPRegen 0.09/turn                (no ring)

@: no status effects
A: no striking features
a: no special abilities


You were on level 2 of the Dungeon.
You visited 1 branch of the dungeon, and saw 3 of its levels.

You collected 109 gold pieces.

Inventory:

Hand Weapons
 a - a +0 flail
 b - a +2 dagger of venom (weapon)
Armour
 c - a +0 buckler (worn)
 g - a +0 pair of boots (worn)
 j - a +0 scale mail (worn)
Jewellery
 I - a +6 ring of intelligence
 J - a ring of ice
Scrolls
 e - a scroll of magic mapping
 i - a scroll of fog
 l - 4 scrolls of teleportation {unknown}
 m - a scroll of enchant armour {unknown}
 n - a scroll of silence {unknown}
 o - a scroll of torment {unknown}
 r - a scroll of acquirement {unknown}
Potions
 d - 2 potions of might
 f - 2 potions of magic {unknown}
 h - a potion of cancellation {unknown}
 k - 2 potions of brilliance {unknown}
 p - a potion of curing {unknown}
 q - a potion of mutation {unknown}


   Skills:
 - Level 3.0 Fighting
 + Level 2.9 Maces & Flails
 - Level 3.0 Armour
 - Level 2.6 Dodging
 - Level 3.5 Shields


You had 3 spell levels left.
You didn't know any spells.
Your spell library was empty.

Dungeon Overview and Level Annotations

Branches:
Dungeon (3/15)

Altars:


Message History

There is a stone staircase leading down here.
You hit the orc.
The orc is poisoned.
The orc is severely wounded.
You kill the orc!
No target in view!
You start resting.
HP restored.
You now have 109 gold pieces (gained 10).
You see here a +0 short sword.
There is a stone staircase leading down here.
You climb downwards.
The orc priest hits you with a +0 whip. The orc barely misses you.
There is a stone staircase leading up here.
Unknown command.
The orc priest hits you but does no damage.
The orc hits you but does no damage. x2
You climb upwards.
There is a stone staircase leading down here.
You hit the orc priest.
The orc priest is poisoned.
The orc priest is moderately wounded.
The orc priest closely misses you. The orc hits you but does no damage.
The orc hits you with a +0 flail.
You hit the orc priest.
The orc priest looks as sick as possible!
The orc priest is heavily wounded.
The orc priest mumbles some strange prayers to Beogh against you.
Beogh smites you! The orc closely misses you. You block the orc's attack.
You barely miss the orc. The orc priest hits you with a +0 whip.
The orc misses you. The orc hits you with a +0 flail.
You hit the orc.
The orc is moderately wounded.
The orc priest looks satisfied for a moment.
The orc misses you. The orc hits you with a +0 flail!
The orc priest hits you but does no damage.
You closely miss the orc priest.
The orc priest is almost dead.
The orc barely misses you. You block the orc's attack.
The orc priest invokes the aid of Beogh against you.
Beogh smites you!
You die...

#...## #.#####.###
###).## #.# #.#
#..[#### #.# #.# #
#...'..# #.# #.#
#########...#..##
#.# #.#
#...........#...##
#.# #.#
#...........#.#..#
#†# #.#
#.......(...#...o#
#.# #.#
#...........###o@#
#.# #.#
#########...# ##o#
#.# #.#
#########...# #.#
#.# #.#
............#
#.###.# #.#
.........##.#
#.#...# #.#
.##.......#.#
#.#.### #.#
.##.####..#.####.#.#
#.#
.##.####.......#.#.#
#.#
###........#####.#.#
#.#


You could see an orc priest (extremely poisoned) and 2 orcs.

Vanquished Creatures
  An adder (D:3)
  3 dart slugs
  An orc (D:2)
  2 ball pythons
  5 endoplasms
  2 giant cockroaches (D:1)
  5 goblins
  4 hobgoblins
  19 jackals
  4 kobolds
  5 bats
  2 frilled lizards
  5 rats
58 creatures vanquished.

Notes
Turn   | Place    | Note
-------+----------+-------------------------------------------
     0 | D:1      | Armakuni the Human Fighter began the quest for the Orb.
     0 | D:1      | Reached XP level 1. HP: 18/18 MP: 1/1
    36 | D:1      | Reached skill level 1 in Dodging
    70 | D:1      | Reached XP level 2. HP: 21/24 MP: 2/2
   204 | D:1      | Found a faded altar of an unknown god.
   309 | D:1      | Reached XP level 3. HP: 26/29 MP: 3/3
  1096 | D:2      | Reached XP level 4. HP: 35/35 MP: 4/4
  1931 | D:2      | Killed from afar by an orc priest

Illustrated notes

Levels and vault maps discovered:
D:1:      dpeg_arrival_boxorama, layout_loops_ring, basic_ecumenical_altar,
          minmay_misc_feat_enclosed, hangedman_decor_diamond_cutter
D:2:      layout_basic
D:3:      layout_rooms, chequers_serial_rivers_small_b,
          minmay_misc_feat_hallway, uniq_terence

Skill      XL: |  1  2 |
---------------+-------+-----
Dodging        | 1 2 |  2.6
Fighting       | |  3.0
Maces & Flails | |  2.9
Armour         | |  3.0
Shields        | |  3.5

Action                   |  1- 3 |  4- 6 || total
-------------------------+-------+-------++-------
Melee: Flail             |    82 |       ||    82
       Dagger            |    40 |    72 ||   112
  Use: Scroll            |     2 |       ||     2
Armor: Scale mail        |    77 |    36 ||   113
Dodge: Dodged            |    63 |    29 ||    92
Block: Buckler           |    32 |    18 ||    50

Table legend: (Time is in decaauts)
 A = Elapsed time spent in this place.
 B = Non-inter-level travel time spent in this place.
 C = Inter-level travel time spent in this place.
 D = Time resting spent in this place.
 E = Time spent auto-exploring this place.
 F = Levels seen in this place.
 G = Mean time per level.
                   A        B        C        D        E       F      G
               +--------+--------+--------+--------+--------+-----+--------+
         Total |   1965 |   1887 |     78 |     67 |   1338 |   3 |  655.0 |
       Dungeon |   1965 |   1887 |     78 |     67 |   1338 |   3 |  655.0 |
               +--------+--------+--------+--------+--------+-----+--------+

Top non-repeatable levels by time:
     D:1: 996 daAuts
     D:2: 901 daAuts
     D:3: 67 daAuts
